 Dungeon Crawl Stone Soup version 0.18-a0-1347-gb9e2fb4 (webtiles) character file.

2563 Oddball22 the Infuser (level 9, -4/55 HPs)
             Began as a High Elf Skald on Feb 17, 2016.
             Was a Follower of Qazlal.
             Slain by ZiggyStardust's ghost (15 damage)
             ... on level 8 of the Dungeon.
             The game lasted 00:30:46 (7599 turns).

Oddball22 the Infuser (High Elf Skald)              Turns: 7599, Time: 00:30:46

Health: -4/55      AC: 12    Str: 12    XL:     9   Next: 31%
Magic:  1/16       EV: 14    Int: 23    God:    Qazlal [*.....]
Gold:   414        SH:  2    Dex: 16    Spells: 5 memorised, 5 levels left

rFire  . . .     SeeInvis .     C - +0 falchion (holy)
rCold  + . .     Gourm    .     b - +0 leather armour
rNeg   + . .     Faith    .     (no shield)
rPois  +         Spirit   .     z - +2 helmet
rElec  .         Dismiss  .     O - +2 cloak
rCorr  .         Reflect  .     (no gloves)
SustAt .         Harm     +     f - +2 pair of boots
MR     .....                    s - amulet of harm
Stlth  +.........               I - ring "Zykhig" {rPois rC+ rN+ EV+2}
                                (no ring)

@: brilliant, not resistant to hostile enchantments, very unstealthy
A: no striking features
a: Renounce Religion


You were on level 8 of the Dungeon.
You worshipped Qazlal.
Qazlal was aware of your devotion.
You were hungry.

You visited 1 branch of the dungeon, and saw 8 of its levels.

You collected 414 gold pieces.

Inventory:

Hand Weapons
 m - a +4 dagger
 C - a +0 falchion of holy wrath (weapon)
 D - a +2 short sword of venom
 J - a +0 shortbow
 K - a +2 quarterstaff of chaos
 N - a +0 vampiric scimitar
Missiles
 h - 4 javelins (quivered)
 l - 5 poisoned arrows
 n - 132 arrows
Armour
 b - a +0 leather armour (worn)
 f - a +2 pair of boots (worn)
 z - a +2 helmet (worn)
 O - a +2 cloak (worn)
Jewellery
 k - a +5 ring of intelligence
 s - an amulet of harm (around neck)
 t - a +4 ring of protection
 F - a +5 ring of intelligence
 I - the ring "Zykhig" (right hand) {rPois rC+ rN+ EV+2}
   (You found it on level 5 of the Dungeon)

   [ring of evasion]

   It affects your evasion (+2).
   It protects you from cold.
   It protects you from poison.
   It protects you from negative energy.
 L - an uncursed ring of see invisible
Wands
 j - a wand of random effects (34/48)
Scrolls
 g - 5 scrolls of remove curse
 i - a scroll of fear {unknown}
 q - a scroll of blinking {unknown}
 r - 2 scrolls of noise
 x - a scroll of teleportation {unknown}
 y - a scroll of fog {unknown}
 A - 2 scrolls of recharging {unknown}
 B - 2 scrolls of magic mapping {unknown}
 E - a scroll of immolation {unknown}
 P - a scroll of vulnerability {unknown}
 R - 2 scrolls of random uselessness {unknown}
 S - 3 scrolls of identify
Potions
 e - a potion of flight
 v - a potion of haste
Books
 c - a book of Battle

   Spells                             Type                      Level
   a - Infusion                       Charms                       1
   b - Shroud of Golubria             Charms/Translocation         2
   c - Song of Slaying                Charms                       2
   d - Spectral Weapon                Hexes/Charms                 3
   e - Regeneration                   Charms/Necromancy            3
Comestibles
 d - 8 bread rations
 o - 2 meat rations
 w - 4 beef jerkies
 G - a royal jelly
 Q - a chunk of flesh
 T - 7 slices of pizza


   Skills:
 - Level 2.6 Fighting
 - Level 3.2 Long Blades
 - Level 0.8 Armour
 - Level 2.1 Dodging
 - Level 4.2 Spellcasting
 - Level 6.8 Hexes
 + Level 8.0 Charms
 * Level 3.5 Necromancy
 - Level 5.9 Translocations
 - Level 1.9 Invocations


You had 5 spell levels left.
You knew the following spells:

 Your Spells              Type           Power        Failure   Level  Hunger
a - Infusion              Chrm           ####         1%          1    None
b - Song of Slaying       Chrm           ######..     1%          2    #......
c - Shroud of Golubria    Chrm/Tloc      ######....   1%          2    #......
d - Regeneration          Chrm/Necr      #####.....   1%          3    ##.....
e - Spectral Weapon       Hex/Chrm       ######..     1%          3    ##.....


Dungeon Overview and Level Annotations

Branches:
Dungeon (8/15)             Temple (0/1) D:7
   Lair: D:8-11

Altars:
Elyvilon
Kikubaaqudgha
Makhleb
Nemelex Xobeh
Okawaru
Qazlal
Trog
Vehumet
Yredelemnul

Annotations:
D:8 ZiggyStardust's ghost, novice NaWr


Message History

An adder comes into view.
Casting: Spectral Weapon
Confirm with . or Enter, or press ? or * to list all spells.
Okay, then.
You closely miss the jackal.
Your spectral weapon misses the jackal.
The jackal closely misses you.
ZiggyStardust's ghost wails.
You hit the jackal.
You kill the jackal!
Qazlal accepts your kill.
You hit ZiggyStardust's ghost but do no damage.
ZiggyStardust's ghost is moderately damaged.
Your spectral weapon hits ZiggyStardust's ghost but does no damage.
ZiggyStardust's ghost hits you!
* * * LOW HITPOINT WARNING * * *
You hit ZiggyStardust's ghost but do no damage.
ZiggyStardust's ghost is moderately damaged.
ZiggyStardust's ghost's shroud bends your spectral weapon's attack away!
ZiggyStardust's ghost hits you!
You die...

.....#.# #.##.##.
.###.#.# #.##....
.###.#.# #......[
.......# ########
####.### #.# #.####
###########
####....####.........#
...#..#.......S(@###
.#....#...##.###W#
....#####.##.# #.#
##....#...##.###.###.#
......#.####...†...W.#
####....# #####.#####
#.#### #)# #.# #)# #+#
#.#


You could see ZiggyStardust's ghost, an adder and a friendly spectral falchion
of holy wrath.

Vanquished Creatures
  A wyvern (D:8)
  A yak (D:7)
  A human (D:7)
  Menkaure (D:4)
  Duvessa (D:4)
  A sky beast (D:4)
  An ice beast (D:7)
  2 orc warriors (D:7)
  An ogre (D:3)
  A phantom (D:7)
  A centaur (D:5)
  2 giant frogs
  Dowan (D:4)
  2 scorpions
  2 crimson imps
  A giant frog zombie (D:8)
  A jelly (D:8)
  5 orc wizards
  2 hounds
  Crazy Yiuf (D:6)
  5 orc priests
  A giant frog skeleton (D:5)
  3 iguanas
  3 sheep (D:7)
  A hound zombie (D:6)
  2 hound skeletons
  Robin (D:4)
  4 gnolls (D:8)
  9 adders
  3 adder skeletons
  A worm (D:6)
  11 giant geckos
  26 orcs
  A ball python (D:3)
  4 bats
  3 giant cockroaches
  12 goblins
  7 hobgoblins
  22 jackals
  4 quokkas
  5 giant newts
  8 kobolds
  A quokka skeleton (D:4)
  6 rats
  A spectral weapon (D:7)
173 creatures vanquished.

Vanquished Creatures (others)
  3 spectral weapons
3 creatures vanquished.

Grand Total: 176 creatures vanquished

Notes
Turn   | Place    | Note
--------------------------------------------------------------
     0 | D:1      | Oddball22 the High Elf Skald began the quest for the Orb.
     0 | D:1      | Reached XP level 1. HP: 14/14 MP: 4/4
   238 | D:1      | Reached XP level 2. HP: 16/19 MP: 0/6
   259 | D:1      | Learned a level 2 spell: Song of Slaying
   262 | D:1      | Learned a level 2 spell: Shroud of Golubria
   914 | D:2      | Reached XP level 3. HP: 22/24 MP: 5/9
   977 | D:2      | Learned a level 3 spell: Regeneration
  1298 | D:2      | Reached XP level 4. HP: 30/30 MP: 10/10
  1732 | D:3      | Reached skill level 4 in Spellcasting
  2028 | D:3      | Learned a level 3 spell: Spectral Weapon
  2181 | D:3      | Reached XP level 5. HP: 29/35 MP: 7/12
  2226 | D:3      | Noticed an ogre
  2246 | D:3      | Killed an ogre
  2246 | D:3      | Reached skill level 1 in Hexes
  2246 | D:3      | Reached skill level 1 in Necromancy
  2246 | D:3      | Reached skill level 1 in Translocations
  2397 | D:3      | Found an ancient bone altar of Kikubaaqudgha.
  2397 | D:3      | Found a bloodstained altar of Trog.
  2426 | D:3      | Found an iron altar of Okawaru.
  2427 | D:3      | Found a burning altar of Makhleb.
  2642 | D:4      | Noticed Menkaure
  2815 | D:4      | Noticed Robin
  2821 | D:4      | Reached XP level 6. HP: 35/41 MP: 5/13
  2834 | D:4      | Killed Robin
  3063 | D:4      | Noticed Duvessa
  3064 | D:4      | Noticed Dowan
  3081 | D:4      | Killed Duvessa
  3096 | D:4      | Killed Dowan
  3290 | D:5      | Entered Level 5 of the Dungeon
  3305 | D:5      | Reached XP level 7. HP: 32/45 MP: 5/14
  3372 | D:4      | Reached skill level 5 in Charms
  3522 | D:4      | Found a white marble altar of Elyvilon.
  3560 | D:4      | Killed Menkaure
  4106 | D:4      | Found a radiant altar of Vehumet.
  4463 | D:5      | Found a stormy altar of Qazlal.
  4478 | D:5      | Became a worshipper of Qazlal Stormbringer
  4508 | D:5      | Got a fine tin ring
  4551 | D:5      | Reached skill level 5 in Translocations
  4694 | D:5      | Reached XP level 8. HP: 51/51 MP: 7/15
  4710 | D:5      | Found a basalt altar of Yredelemnul.
  4882 | D:5      | Identified the ring "Zykhig" {rPois rC+ rN+ EV+2} (You found it on level 5 of the Dungeon)
  4981 | D:6      | Reached skill level 1 in Invocations
  5400 | D:6      | Reached skill level 6 in Charms
  6113 | D:6      | Noticed Crazy Yiuf
  6121 | D:6      | Killed Crazy Yiuf
  6269 | D:6      | Reached * piety under Qazlal
  6420 | D:7      | Found a sparkling altar of Nemelex Xobeh.
  6600 | D:7      | Reached skill level 5 in Hexes
  6629 | D:7      | Found a staircase to the Ecumenical Temple.
  6876 | D:7      | Reached skill level 7 in Charms
  7276 | D:7      | Reached XP level 9. HP: 49/55 MP: 6/16
  7545 | D:8      | Noticed ZiggyStardust's ghost (novice NaWr)
  7569 | D:8      | Reached skill level 8 in Charms
  7599 | D:8      | Slain by ZiggyStardust's ghost

Vault maps used:
D:1:      minmay_arrival_jagged, minmay_misc_feat_tiny
D:2:      serial_bayou, serial_bayou_shore_b, serial_bayou_pond_e,
          serial_bayou_pond_d, serial_bayou_lagoon_a, minmay_misc_feat_x,
          minmay_crystal_room
D:3:      nicolae_overflow_hidden_temple, first_bread
D:4:      elyvilon_altar_5, lemuel_crystal_altar, minivault_19, uniq_robin,
          uniq_duvessa, uniq_menkaure
D:5:      lemuel_crystal_altar, nicolae_ossuary_entry_ruins,
          grunt_qazlal_sundering
D:6:      minivault_14, corexii_checkpoint_b, minivault_24, st_stairs_3,
          uniq_crazy_yiuf_cottage
D:7:      nemelex_xobeh_ov_fountains_minmay, minmay_temple_entry_poolview,
          grunt_livestock

Action                   |  1- 3 |  4- 6 |  7- 9 || total
-------------------------+-------+-------+-------++-------
Melee: Falchion          |    38 |       |    61 ||    99
       Dagger            |    59 |   163 |    34 ||   256
       Short sword       |       |       |   222 ||   222
Throw: Javelin           |       |       |     3 ||     3
 Cast: Infusion          |     6 |    12 |    17 ||    35
       Song of Slaying   |     1 |     1 |     8 ||    10
       Shroud of Golubri |       |     2 |    13 ||    15
       Spectral Weapon   |       |     2 |     7 ||     9
       Regeneration      |       |       |     4 ||     4
  Use: Scroll            |     1 |       |     5 ||     6
       Potion            |       |     5 |     8 ||    13
  Eat: Chunk             |     1 |     7 |    13 ||    21
       Pizza             |       |       |     1 ||     1
